 Dungeon Crawl Stone Soup version 0.30-a0-250-g41c1d76940 (webtiles) character file.

Game seed: 16951649514781274063

1148 themarg the Fighter (level 8, -1/79 HPs)
             Began as a Minotaur Monk on Oct 12, 2022.
             Was a High Priest of Fedhas.
             Slain by Prince Ribbit (10 damage)
             ... on level 5 of the Dungeon.
             The game lasted 00:13:21 (5388 turns).

themarg the Fighter (Minotaur Monk)                 Turns: 5388, Time: 00:13:21

Health: -1/79      AC:  6    Str: 18    XL:     8   Next: 15%
Magic:  4/10       EV: 10    Int:  7    God:    Fedhas [*****.]
Gold:   175        SH:  0    Dex: 13    Spells: 7/7 levels left

rFire   . . .      SeeInvis .    a - +0 hand axe
rCold   . . .      Faith    .    (no shield)
rNeg    . . .      Spirit   .    p - +0 scale mail
rPois   .          Reflect  .    (helmet restricted)
rElec   .          Harm     .    (no cloak)
rCorr   .          Rampage  .    (no gloves)
Will    .....                    (no boots)
Stlth   +.........               (no amulet)
HPRegen 0.33/turn                (no ring)
MPRegen 0.12/turn                (no ring)

@: no status effects
A: horns 2, retaliatory headbutt
a: Renounce Religion, Wall of Briars, Grow Ballistomycete, Overgrow, Grow Oklob


You were on level 5 of the Dungeon.
You worshipped Fedhas.
Fedhas was extremely pleased with you.
You visited 1 branch of the dungeon, and saw 5 of its levels.

You collected 240 gold pieces.
You spent 65 gold pieces at shops.

Inventory:

Hand Weapons
 a - a +0 hand axe (weapon)
Missiles
 d - 98 stones (quivered)
 n - 15 poisoned darts
 u - 5 javelins
 v - 3 datura-tipped darts
Armour
 p - a +0 scale mail (worn)
Wands
 w - a wand of flame (11)
Scrolls
 g - a scroll of poison
 i - a scroll of immolation
 k - a scroll of vulnerability
 l - a scroll of enchant weapon
 m - 2 scrolls of enchant armour
 o - a scroll of noise {unknown}
 r - a scroll of blinking {unknown}
 s - a scroll of acquirement {unknown}
 t - 2 scrolls of teleportation
Potions
 b - a potion of lignification
 c - a potion of ambrosia
 e - 5 potions of invisibility
 f - 3 potions of curing
 h - 3 potions of flight
 j - 3 potions of attraction
 q - a potion of mutation {unknown}
 x - a potion of resistance {unknown}
 z - a potion of brilliance {unknown}
 A - a potion of might {unknown}


   Skills:
 + Level 10.0 Fighting
 + Level 3.9 Axes
 + Level 3.5 Dodging
 - Level 2.0 Stealth
 + Level 5.1 Invocations


You had 7 spell levels left.
You didn't know any spells.
Your spell library contained the following spells:

 Spells                   Type           Power      Damage    Failure   Level
 Apportation              Tloc           0%         N/A       85%         1
 Necrotise                Necr           0%         1d4       85%         1
 Sandblast                Erth           0%         2d4       85%         1
 Shock                    Conj/Air       0%         1d3       85%         1
 Summon Small Mammal      Summ           0%         N/A       85%         1
 Passwall                 Tmut/Erth      0%         N/A       94%         2
 Ozocubu's Armour         Ice            0%         N/A       99%         3
 Stone Arrow              Conj/Erth      0%         3d7       99%         3
 Swiftness                Air            0%         N/A       99%         3
 Airstrike                Air            0%         2d(0-16)  100%        4
 Summon Forest            Summ/Tloc      0%         N/A       100%        5
 Eringya's Noxious Bog    Tmut/Pois      0%         N/A       100%        6
 Ozocubu's Refrigeration  Ice            0%         4d7       100%        7
 Summon Hydra             Summ           0%         N/A       100%        7


Dungeon Overview and Level Annotations

Branches:
Dungeon (5/15)
 Temple: D:4-7

Altars:
Fedhas
Sif Muna
Vehumet

Shops:
D:3 ?

Annotations:
D:5 Prince Ribbit


Innate Abilities, Weirdness & Mutations

You have a pair of horns on your head.
You reflexively headbutt those who attack you in melee.


Message History

The howler monkey hoots and howls with incredible vigour!
Prince Ribbit barely misses you. You furiously retaliate!
You headbutt Prince Ribbit!
You hear a shout! x2
Prince Ribbit attacks as you move away! Prince Ribbit hits you.
The howler monkey hoots and howls with incredible vigour!
You hear a shout!
You hear a bark!
There is a stone staircase leading up here.
You slash Prince Ribbit!
Prince Ribbit is heavily wounded.
Prince Ribbit hits you! x2
You hit Prince Ribbit.
Prince Ribbit is heavily wounded.
Prince Ribbit hits you.
You closely miss Prince Ribbit.
Prince Ribbit is heavily wounded.
Prince Ribbit completely misses you.
The howler monkey hoots and howls with incredible vigour!
Prince Ribbit hits you!
You hear an angry hiss.
A briar patch grows up from the ground. x3; Prince Ribbit hits you!
The howler monkey hits you.
* * * LOW HITPOINT WARNING * * *
The gnoll hits you from afar with a +0 spear.
* * * LOW HITPOINT WARNING * * *
You walk carefully through the plants.
The howler monkey attacks as you move away!
The howler monkey hits you.
* * * LOW HITPOINT WARNING * * *
Prince Ribbit croaks regally.
The howler monkey hits your briar patch.
Prince Ribbit closely misses you. You furiously retaliate!
You headbutt Prince Ribbit.
The howler monkey hits your briar patch.
A briar patch grows up from the ground. x2; Prince Ribbit barely misses you.
You furiously retaliate!
You headbutt Prince Ribbit.
The howler monkey hits your briar patch but does no damage.
Prince Ribbit hits you!
You die...
Fedhas appreciates your contribution to the ecosystem.

#........##.######.....#
####..##.##.##......h.....#
#....#.#.##.##.#.......g###
#.####+###....###.##.####
..##.....#####.#..##.#
..#.......#####......#
#.#.......#...##h.##.####
#.'..._...+...##PFP.g....
###....†..#...##@##......
#.......#....PP# ......
##.....##...#### ..#..
###'###....# .## #
#...)....# # ##########


You could see Prince Ribbit (ally target), a howler monkey and a gnoll.

Vanquished Creatures
  An ogre (D:4)
  2 kobold brigands (D:3)
  A scorpion (D:5)
  2 orc wizards (D:4)
  13 gnolls
  5 adders
  A worm (D:4)
  A dart slug (D:2)
  8 orcs
  3 ball pythons
  11 endoplasms
  8 giant cockroaches
  9 goblins
  8 hobgoblins
  3 jackals (D:1)
  35 kobolds
  2 quokkas
  4 bats
  2 frilled lizards
  5 rats
124 creatures vanquished.

Vanquished Creatures (collateral kills)
  Pikel (D:5)
  4 gnolls (D:3)
  2 hobgoblins (D:3)
  3 kobolds (D:3)
10 creatures vanquished.

Grand Total: 134 creatures vanquished

Notes
Turn   | Place    | Note
-------+----------+-------------------------------------------
     0 | D:1      | themarg the Minotaur Monk began the quest for the Orb.
     0 | D:1      | Reached XP level 1. HP: 19/19 MP: 0/0
   134 | D:1      | Reached skill level 4 in Fighting
   190 | D:1      | Found a faded altar of an unknown god.
   254 | D:1      | Prayed at the altar of an unknown god.
   254 | D:1      | Became a worshipper of Fedhas Madash
   254 | D:1      | Reached * piety under Fedhas
   254 | D:1      | Reached ** piety under Fedhas
   344 | D:1      | Reached XP level 2. HP: 27/27 MP: 1/1
   406 | D:1      | Reached *** piety under Fedhas
   996 | D:2      | Reached XP level 3. HP: 34/34 MP: 2/2
  1246 | D:2      | Reached skill level 1 in Invocations
  1459 | D:2      | Reached skill level 5 in Fighting
  1986 | D:3      | Found a shimmering blue altar of Sif Muna.
  2079 | D:3      | Reached **** piety under Fedhas
  2129 | D:3      | Reached XP level 4. HP: 38/42 MP: 4/4
  2148 | D:3      | Found Jiylili's Magic Scroll Emporium.
  2159 | D:3      | Bought a scroll of teleportation for 39 gold pieces
  2159 | D:3      | Bought a scroll of identify for 26 gold pieces
  3065 | D:3      | Reached skill level 6 in Fighting
  3065 | D:3      | Reached XP level 5. HP: 37/50 MP: 1/5
  3424 | D:3      | Reached skill level 7 in Fighting
  3424 | D:3      | Reached XP level 6. HP: 26/60 MP: 7/7
  3591 | D:3      | Reached ***** piety under Fedhas
  3912 | D:4      | Reached skill level 8 in Fighting
  4200 | D:4      | Reached XP level 7. HP: 60/68 MP: 8/8
  5138 | D:5      | Entered Level 5 of the Dungeon
  5154 | D:5      | Found a radiant altar of Vehumet.
  5265 | D:5      | Noticed Pikel
  5283 | D:5      | Killed Pikel
  5284 | D:5      | Reached skill level 10 in Fighting
  5284 | D:5      | Reached skill level 5 in Invocations
  5284 | D:5      | Reached XP level 8. HP: 69/79 MP: 4/10
  5374 | D:5      | Noticed Prince Ribbit
  5388 | D:5      | Slain by Prince Ribbit

Illustrated notes

Levels and vault maps discovered:
D:1:      dpeg_arrival_short_road, layout_loops_corners,
          shapermc_ecumenical_altar_ellora
D:2:      layout_basic, nicolae_figureground_sparkle
D:3:      minmay_goblin_kobold_castle, layout_basic, lemuel_round_altar,
          serial_shops, nicolae_shop_crystal
D:4:      layout_cave_pods
D:5:      layout_loops_cross, nicolae_vehumet_altar_sigil,
          minmay_temple_entry_enclosed_plants, uniq_pikel, uniq_prince_ribbit1,
          uniq_crazy_yiuf_cottage

Skill      XL: |  1  2  3  4  5  6  7 |
---------------+----------------------+-----
Fighting       | 4 5 6 7 8 10 | 10.0
Stealth        | 2 |  2.0
Invocations    | 1 2 3 5 |  5.1
Axes           | |  3.9
Dodging        | |  3.5

Action                   |  1- 3 |  4- 6 |  7- 9 || total
-------------------------+-------+-------+-------++-------
Melee: Hand axe          |    80 |   161 |    78 ||   319
       Headbutt          |    13 |    25 |    18 ||    56
       Punch             |       |     1 |       ||     1
Invok: Wall of Briars    |       |     2 |     4 ||     6
  Use: Scroll            |       |     9 |     2 ||    11
       Potion            |       |     1 |       ||     1
 Stab: Sleeping          |     3 |       |       ||     3
Armor: Robe              |     2 |       |       ||     2
       Leather armour    |    12 |       |       ||    12
       Scale mail        |    14 |    62 |    30 ||   106
Dodge: Dodged            |    48 |   104 |    31 ||   183

Table legend: (Time is in decaauts)
 A = Elapsed time spent in this place.
 B = Non-inter-level travel time spent in this place.
 C = Inter-level travel time spent in this place.
 D = Time resting spent in this place.
 E = Time spent auto-exploring this place.
 F = Levels seen in this place.
 G = Mean time per level.
                   A        B        C        D        E       F      G
               +--------+--------+--------+--------+--------+-----+--------+
         Total |   5440 |   5218 |    222 |    671 |   3459 |   5 | 1088.0 |
       Dungeon |   5440 |   5218 |    222 |    671 |   3459 |   5 | 1088.0 |
               +--------+--------+--------+--------+--------+-----+--------+

Top non-repeatable levels by time:
     D:3: 2012 daAuts
     D:4: 1255 daAuts
     D:2: 986 daAuts
     D:1: 932 daAuts
     D:5: 253 daAuts
